AoeStats
← NDF

Arabia

507878811Analyzed
1v1 RM · 12d ago on Sep 20, 2026· 58m 45s· 2 players
Game mode
Random Map
Map size
Tiny (2 player)
Population
200
Speed
Normal
Resources
Standard
Victory
Conquest
Starting age
Dark Age
Ending age
Imperial Age
RankedLock teamsTeams togetherTeam positionsShared explorationLock speedFull tech treeHidden civsTurbo modeCheats
Victory
Defeat
🇦🇷 Teutons · Argentina
593
+16
🇦🇷 Franks · Argentina
583
-16
Beto41354
7:55 Loom
10:25 Feudal Age
10:57 Double-Bit Axe
12:08 Man-at-Arms
17:53 Gold Mining
22:47 Castle Age
20:41 Stone Mining
21:42 Fletching
23:33 Forging
26:34 Bow Saw
30:41 Wheelbarrow
34:12 Crossbowman
43:18 #83
44:32 Scale Barding Armor
48:05 Chain Barding Armor
NDF
2:31 Loom
13:28 Feudal Age
13:36 Man-at-Arms
21:06 Castle Age
20:26 Double-Bit Axe
20:26 Horse Collar
21:50 Padded Archer Armor
21:41 Fletching
23:33 Elite Skirmisher
24:53 Bow Saw
29:14 Gold Mining
29:15 Stone Mining
29:43 Heavy Plow
44:15 Stone Shaft Mining
45:41 Forging
46:10 Squires
45:56 Arson
47:33 Pikeman
53:09 Scale Mail Armor
54:49 Iron Casting
55:55 Chain Mail Armor
56:59 Masonry
57:53 Leather Archer Armor
59:04 Wheelbarrow
Connection lost

Rejoining the realm…

Still unreachable

The connection could not be restored.

Session expired

The server has moved on; the page needs a fresh start.